Map: King Sejong Station LE

Players

Gyyyzmo - Winner!

  • Race: Terran Terran

blackxored

  • Race: Zerg Zerg
  • League: Diamond

VOD

Have the link to the VOD?

Description

Time

  • Played on: July 1, 2016, 6:36 p.m.
  • Length: 13:35
Show
View Real Time Build Order
Export as new Build Order

Gyyyzmo Terran - Winner!

Build Orders: Command Center First (CC), MMM Bio 

Get SALT Encoding   

  12  0:00  SCV  
  13  0:13  SCV  
  14  0:17  Supply Depot  
  14  0:25  SCV  
  15  0:38  SCV  
  16  0:50  SCV  
  17  1:03  SCV  
  18  1:05  Command Center  
  18  1:15  SCV  
  19  1:19  Barracks  
  19  1:25  Refinery  
  19  1:29  SCV  
  20  1:41  SCV  
  21  1:53  SCV  
  22  2:10  Orbital Command  
  22  2:14  Reaper  
  23  2:17  Orbital Command  
  23  2:18  Bunker  
  23  2:32  Barracks  
  23  2:34  Barracks  
  23  2:37  SCV  
  23  2:42  Supply Depot  
  24  2:53  Barracks Reactor  
  24  2:56  SCV x2  
  26  3:03  Refinery  
  26  3:08  SCV x2  
  28  3:20  SCV x2  
  28  3:21  Barracks Tech Lab  
  28  3:22  Barracks Reactor  
  30  3:32  SCV  
  30  3:33  SCV  
  32  3:36  Marine  
  32  3:37  Marine  
  34  3:44  SCV  
  34  3:45  SCV  
  36  3:50  Marine  
  36  3:52  Command Center  
  36  3:54  Marine  
  38  3:57  SCV x2  
  40  4:03  Marine x2  
  40  4:05  Marine  
  40  4:07  Stimpack  
  43  4:13  Barracks  
  43  4:14  Barracks  
  43  4:19  Factory  
  43  4:22  Engineering Bay x2, Marine  
  43  4:24  Marine  
  45  4:30  SCV  
  46  4:38  Supply Depot  
  46  4:41  Supply Depot  
  46  4:55  Terran Infantry Weapons Level 1, Terran Infantry Armor Level 1  
  46  4:59  Marine x5, SCV x2  
  53  5:06  Supply Depot  
  53  5:07  Supply Depot  
  53  5:09  Orbital Command  
  53  5:11  SCV x2  
  53  5:14  Barracks Reactor x2  
  55  5:16  Factory Reactor  
  55  5:18  Starport  
  55  5:20  Marine x2  
  57  5:21  Marine  
  57  5:22  Marine  
  57  5:24  Marine  
  60  5:38  Marine x2  
  60  5:39  Marine  
  60  5:40  Marine  
  60  5:41  Marine  
  65  5:49  Marine  
  65  5:51  Marine x3  
  65  5:54  Supply Depot  
  65  5:55  Supply Depot, Marine  
  65  5:56  Marine  
  71  6:01  Medivac x2  
  75  6:05  Supply Depot  
  75  6:08  Marine x5  
  75  6:09  Marine x2  
  75  6:10  Armory  
  82  6:13  Marine  
  83  6:18  Refinery  
  83  6:19  Refinery  
  83  6:22  Marine  
  84  6:25  Marine  
  84  6:30  Marine x4  
  84  6:31  Marine x2  
  77  7:08  Marine x8  
  75  7:09  Marauder  
  72  7:25  Marine  
  72  7:26  Marine x2  
  72  7:29  Marine x4  
  78  7:30  Marine, Marauder, Terran Infantry Weapons Level 2  
  78  7:31  Terran Infantry Armor Level 2  
  82  7:37  Barracks  
  82  7:38  Barracks x2, SCV x2  
  82  7:43  Marine  
  85  7:46  Combat Shields  
  85  7:50  SCV  
  85  7:51  SCV  
  71  8:25  Marine x6  
  71  8:26  Marine x2, Marauder  
  79  8:28  Barracks Reactor x3  
  79  8:31  Medivac  
  79  8:32  Medivac  
  83  8:37  Orbital Command  
  83  8:48  Marauder  
  85  8:52  Marine x2  
  85  8:53  Marine x4  
  85  8:55  Marine x2  
  88  9:00  Supply Depot  
  88  9:01  Supply Depot  
  88  9:02  Supply Depot  
  88  9:03  SCV x3  
  88  9:06  Marine x2  
  88  9:07  Marine x3  
  88  9:09  Marauder  
  98  9:10  Marine  
  98  9:12  Marine x4  
  98  9:14  Marine  
  98  9:15  Marine x2, SCV x3  
  98  9:16  Marine  
  110  9:24  Marine x3  
  110  9:25  Marine x2  
  110  9:27  SCV  
  110  9:28  Marine  
  110  9:29  Marine  
  110  9:30  Marine x3  
  110  9:31  Bunker, Marauder  
  123  9:32  SCV x2  
  123  9:33  Marine  
  123  9:34  Marine x3  
  129  9:39  SCV  
  129  9:42  Marine x4  
  129  9:43  Marine  
  133  9:46  Marine  
  133  9:47  Marine x2  
  125  9:58  Marine x3  
  125  9:59  Marine x4  
  132  10:01  Terran Infantry Weapons Level 3, Terran Infantry Armor Level 3  
  132  10:17  Marauder  
  132  10:20  Marine x3  
  132  10:21  Marine x4  
  139  10:28  Marine x2  
  133  10:38  Marauder  
  133  10:40  Marine  
  134  10:46  Marine x2  
  136  10:50  Marine x5  
  141  10:57  Marine  
  141  11:00  Marine x4  
  141  11:02  Marine x2  
  141  11:13  Refinery x2  
  141  11:18  Marine x2  
  141  11:25  Supply Depot x2, Command Center  
  141  11:26  Marine x3, Medivac x2, Command Center  
  141  11:27  Supply Depot, Marauder  
  150  11:37  Marine  
  150  11:38  Marine x6  
  157  11:47  Marine x3  
  157  11:48  Marauder  
  124  12:02  Marine x2  
  124  12:03  Marine x6  
  124  12:04  Marine x5  
  124  12:05  Marine  
  137  12:09  Marine  
  137  12:11  Medivac x2  
  142  12:17  Barracks  
  142  12:18  Barracks x2  
  142  12:25  Marine  
  142  12:26  Marine x11  
  142  12:27  Marine x3  
  157  12:36  Supply Depot  
  157  12:39  Supply Depot  
  157  12:41  Medivac x2  
  157  12:43  Missile Turret  
  161  12:45  Planetary Fortress  
  161  12:51  Planetary Fortress  
Show
View Real Time Build Order
Export as new Build Order

blackxored Zerg 

Build Orders: Hatch First 

Get SALT Encoding   

  12  0:02  Drone  
  13  0:08  Drone  
  14  0:19  Overlord  
  14  0:26  Extractor  
  14  0:27  Drone  
  15  0:38  Drone  
  15  0:39  Drone  
  17  0:57  Hatchery  
  17  1:00  Extractor  
  17  1:03  Drone x2  
  17  1:18  Spawning Pool  
  16  1:21  Drone  
  16  1:25  Drone  
  18  1:29  Drone  
  19  1:45  Overlord  
  19  1:52  Drone  
  20  2:04  Queen  
  20  2:05  Zergling x2  
  23  2:09  Queen  
  23  2:10  Zergling x2  
  23  2:12  Zergling x2  
  27  2:17  Metabolic Boost  
  27  2:47  Hatchery  
  26  2:53  Drone x3  
  26  2:54  Drone x2  
  26  2:57  Drone  
  32  3:06  Overlord  
  31  3:14  Pneumatized Carapace  
  31  3:19  Queen  
  33  3:26  Zergling x2  
  33  3:27  Zergling x2  
  35  3:38  Drone x4  
  35  3:39  Drone  
  40  3:45  Overlord  
  40  3:59  Drone  
  40  4:00  Drone x5  
  45  4:03  Queen  
  45  4:07  Queen  
  49  4:13  Queen  
  51  4:23  Spine Crawler  
  50  4:28  Drone  
  50  4:30  Baneling Nest, Zergling x2  
  50  4:31  Zergling x8  
  55  4:40  Zergling x4  
  55  4:44  Overlord x2  
  57  5:01  Queen x2  
  57  5:05  Zergling x14  
  68  5:14  Baneling x9  
  68  5:26  Spore Crawler  
  67  5:29  Drone x3  
  67  5:30  Spore Crawler  
  69  5:40  Drone x3  
  72  5:45  Spore Crawler  
  71  5:50  Zergling x4  
  71  5:52  Overlord x3  
  73  6:03  Overlord  
  73  6:04  Overlord x2  
  73  6:09  Baneling  
  73  6:10  Baneling x10  
  73  6:23  Drone x12  
  73  6:25  Drone x2  
  87  6:46  Baneling x4  
  76  7:05  Zergling x18  
  76  7:06  Zergling x12  
  82  7:18  Zergling x10  
  87  7:31  Hatchery  
  87  7:33  Lair  
  87  7:35  Drone x4  
  90  7:38  Extractor  
  90  7:40  Extractor  
  90  7:42  Drone x2  
  90  7:43  Evolution Chamber x2  
  88  7:48  Extractor  
  88  7:49  Hatchery  
  85  7:51  Extractor  
  85  7:53  Zergling x24  
  85  7:56  Extractor  
  91  8:02  Drone  
  91  8:03  Drone  
  88  8:19  Zergling x8  
  91  8:20  Zergling x2  
  91  8:27  Drone  
  91  8:29  Drone x3  
  91  8:30  Drone x3  
  91  8:33  Drone x2  
  101  8:34  Drone  
  101  8:38  Drone x2  
  103  8:42  Zerg Melee Weapons Level 1  
  103  8:43  Drone  
  103  8:54  Queen  
  103  8:59  Baneling x6  
  103  9:00  Baneling x4  
  103  9:07  Overseer  
  103  9:08  Drone x3  
  106  9:11  Drone  
  106  9:12  Drone x13  
  106  9:14  Queen  
  106  9:15  Zergling x2  
  106  9:16  Zergling x2  
  124  9:18  Baneling  
  124  9:19  Baneling x6  
  124  9:20  Baneling  
  124  9:28  Overlord x3  
  123  9:41  Zergling x2  
  123  9:42  Zergling x18  
  117  9:50  Zergling x6  
  107  9:55  Centrifical Hooks  
  107  9:56  Zergling x8  
  107  9:57  Queen  
  113  10:01  Zergling x2  
  113  10:03  Baneling x2  
  113  10:04  Baneling x2  
  112  10:09  Zergling x8  
  112  10:13  Spire  
  113  10:14  Zergling x8  
  114  10:33  Queen  
  95  10:43  Drone x18  
  110  10:56  Zergling x14  
  99  11:10  Zerg Melee Weapons Level 2, Zerg Ground Armor Level 1  
  99  11:11  Overseer  
  99  11:17  Extractor  
  98  11:20  Drone x2  
  98  11:21  Zergling x2  
  98  11:22  Zergling x22  
  98  11:23  Baneling x11  
  98  11:24  Baneling x3  
  113  11:32  Zergling x2  
  113  11:33  Zergling x10  
  113  11:39  Queen  
  120  11:41  Drone  
  120  11:42  Drone x2  
  74  12:08  Zergling x16  
  74  12:09  Zergling x6  
  84  12:18  Zergling x4  
  84  12:19  Mutalisk  
  88  12:23  Zergling x6  
  88  12:28  Baneling x10  
  88  12:29  Queen, Baneling x5  
  91  12:30  Queen x3, Baneling x2  
  91  12:36  Zergling x8  
  103  12:41  Zergling x4  
  105  12:46  Mutalisk x2  
  105  12:47  Mutalisk x2  
  113  12:52  Hatchery  
  113  12:55  Zergling x2  
  113  12:56  Zergling x8  
  117  13:01  Infestation Pit  
  114  13:08  Zergling x8  
  118  13:18  Zergling x2  
Tags
 
Add a new tag
Caveats
  • Supply blocks, unpowered buildings, or Contaminate may cause inaccurate times.
  • Supply counts are checked every 10 seconds.